[Event "Late-Titled-Tuesday-Blitz-December-26-2023"]
[Site "Chess.com"]
[Date "2023.12.26"]
[Round "5"]
[White "DinaBelenkaya"]
[Black "TheMagician"]
[Result "1-0"]
[WhiteElo "2400"]
[BlackElo "2173"]
[TimeControl "180+1"]
[EndTime "14:52:14 PST"]
[Termination "DinaBelenkaya won by resignation"]

1. Nf3 g6 2. g3 Bg7 3. Bg2 Nf6 4.
O-O d6 5. d3 O-O 6. e4 Nc6 7. Nbd2 e5 8. h3 Bd7 9. c3 Qc8 10. Nc4 Bxh3 11. Ne3 Bxg2 12. Kxg2 Ng4 13. Rh1 Nxe3+ 14. Bxe3 h5 15. Nh4 Qe6 16. Qd2 d5 17.
Bh6 dxe4 18. dxe4 Rad8 19. Qg5 Qg4 20. Rae1 Qxg5 21. Bxg5 Rd6 22. b4 a6 23. a4 b5 24.
axb5 axb5 25. Be3 Rd3 26. Bc5 Rfd8 27. Rc1 Bf6 28. Nf3 Re8 29. Rhd1 Red8 30. Re1 R8d7 31. Re2 Rd1 32. Rxd1 Rxd1 33. Ra2 g5 34. Ra6 g4 35. Ng1 Kg7 36. Rxc6 Rd3 37. Be3 Rd7 38. Ne2 h4 39. gxh4 Bxh4 40. Ng3 Bxg3 41. Kxg3 f6 42. Kxg4 Kg6 43.
Bg5 Rd6 44. Rxd6 cxd6 45. Be3 f5+ 46. exf5+ Kf6 47. Bg5+ Kf7 48. f6 d5 49. Kf5 d4 50.
cxd4 exd4 51. Ke4 d3 52. Kxd3 Ke6 53. f4 1-0

[Event "Late-Titled-Tuesday-Blitz-December-26-2023"]
[Site "Chess.com"]
[Date "2023.12.26"]
[Round "5"]
[White "almaguerjm"]
[Black "CFalcons8"]
[Result "0-1"]
[WhiteElo "2482"]
[BlackElo "2263"]
[TimeControl "180+1"]
[EndTime "14:52:18 PST"]
[Termination "CFalcons8 won by resignation"]

1. e4 c5 2. Nf3 d6 3. d4 cxd4 4. Nxd4 Nf6 5. Nc3 a6 6. Be2 e5 7. Nb3 Be7 8. Be3 O-O 9. a4 Be6 10. a5 Nbd7 11. Qd3 Rc8 12. Nd5 Bxd5 13. exd5 e4 14.
Qd1 Nc5 15. Nxc5 dxc5 16. c4 Bd6 17. O-O Qe7 18. Qd2 Nd7 19. Bg4 f5 20. Bh3 f4 21.
Be6+ Kh8 22. Qc2 fxe3 23. Qxe4 exf2+ 24. Kh1 Rf4 25. Qe3 Rcf8 26. Ra3 Ne5 27. Qh3 Rh4 28.
Qg3 Ng4 0-1

[Event "Late-Titled-Tuesday-Blitz-December-26-2023"]
[Site "Chess.com"]
[Date "2023.12.26"]
[Round "5"]
[White "AsaHoffmann"]
[Black "elchacal664"]
[Result "0-1"]
[WhiteElo "2360"]
[BlackElo "2299"]
[TimeControl "180+1"]
[EndTime "14:52:18 PST"]
[Termination "elchacal664 won by resignation"]

1. d4 e5 2. Nf3 exd4 3. Nxd4 Nc6 4. e4 Bc5 5. Be3 Qf6 6. c3 Nge7 7. Be2 Bb6 8. O-O d6 9. Na3 a6 10. Nc4 Ba7 11.
a4 Qg6 12. Bf3 h5 13. Kh1 Bg4 14. Re1 O-O-O 15. Nf5 Nxf5 16. Bxa7 Nxa7 17. exf5 Qxf5 18. Qd4 Bxf3 19. Qxa7 Bc6 20. Ne3 Qxf2 21. b4 Bxg2+ 22. Nxg2 Qxa7 23. b5 a5 24. c4 Qc5 25. Rad1 Rhe8 26.
Ne3 Rxe3 0-1

[Event "Late-Titled-Tuesday-Blitz-December-26-2023"]
[Site "Chess.com"]
[Date "2023.12.26"]
[Round "5"]
[White "RebecaJimnz"]
[Black "The_Straightforward_Rook"]
[Result "1-0"]
[WhiteElo "2265"]
[BlackElo "2427"]
[TimeControl "180+1"]
[EndTime "14:52:29 PST"]
[Termination "RebecaJimnz won by resignation"]

1. e4 c6 2. d4 d5 3. exd5 cxd5 4.
Bd3 Nc6 5. c3 g6 6. Nf3 Bg7 7.
O-O Nf6 8. Re1 Bf5 9. Bf4 Bxd3 10. Qxd3 O-O 11. Nbd2 Qb6 12. Nb3 Rac8 13. Rad1 Ne4 14.
Qe3 a5 15. Bh6 a4 16. Bxg7 Kxg7 17. Nc5 Nxc5 18. dxc5 Qxb2 19. Rb1 Qxa2 20. Rxb7 Rb8 21. Rxb8 Rxb8 22. Nd4 Nxd4 23. Qe5+ Kg8 24. Qxb8+ Kg7 25.
cxd4 1-0

[Event "Late-Titled-Tuesday-Blitz-December-26-2023"]
[Site "Chess.com"]
[Date "2023.12.26"]
[Round "5"]
[White "AlexanderL"]
[Black "Kleyton_Lima"]
[Result "1-0"]
[WhiteElo "2885"]
[BlackElo "2573"]
[TimeControl "180+1"]
[EndTime "14:52:30 PST"]
[Termination "AlexanderL won by resignation"]

1. d4 Nf6 2. Nf3 g6 3. e3 Bg7 4. b4 O-O 5. Bb2 d5 6. Be2 a5 7. b5 c6 8. a4 Bg4 9. Nbd2 Nbd7 10. O-O Re8 11. h3 Bxf3 12. Nxf3 Ne4 13. c4 dxc4 14. Bxc4 Nb6 15. Bd3 Nd6 16. bxc6 bxc6 17. Rc1 Nd5 18.
Rxc6 Nb4 19. Rc1 Nxd3 20. Qxd3 Rb8 21. Ba3 Qd7 22. Bxd6 Qxd6 23. Rc5 Qb6 24. Qc3 Qb4 25. Qc2 h5 26. Rc1 e6 27. Ne1 Bf6 28. Nd3 Qb6 29.
Rb5 Qd8 30. Qb3 Be7 31. Ne5 Rxb5 32. Qxb5 Bb4 33. Nc6 Qc7 34. Rc4 Qd6 35. Nxb4 Rb8 36. Qxa5 1-0

[Event "Late-Titled-Tuesday-Blitz-December-26-2023"]
[Site "Chess.com"]
[Date "2023.12.26"]
[Round "5"]
[White "yosephtaher"]
[Black "DmitryMaximov"]
[Result "1-0"]
[WhiteElo "2925"]
[BlackElo "2759"]
[TimeControl "180+1"]
[EndTime "14:52:34 PST"]
[Termination "yosephtaher won by resignation"]

1. d4 Nf6 2. Nc3 d5 3. Bf4 c6 4. e3 Bf5 5. Nf3 Nbd7 6. Ne5 e6 7. g4 Bg6 8. h4 h5 9. Nxg6 fxg6 10.
Bd3 Kf7 11. g5 Ne8 12. Qf3 Kg8 13. Bxg6 Qe7 14. O-O-O b5 15. e4 b4 16. Ne2 Nb6 17. Ng3 Qd7 18. Rhe1 Nd6 19. exd5 Nxd5 20. Bxd6 Bxd6 21. Nxh5 Rf8 22. Qg4 Rxh5 23. Qxh5 Bf4+ 24. Kb1 Rb8 25. Qh7+ Kf8 26. Qh8+ Ke7 27. Qxg7+ Kd6 28. Qxd7+ Kxd7 29. Bf7 Nc7 30. Re4 Bd6 31. Rde1 Rh8 32. g6 Bf8 33. Bxe6+ Nxe6 34. Rxe6 Rxh4 35. g7 1-0

[Event "Late-Titled-Tuesday-Blitz-December-26-2023"]
[Site "Chess.com"]
[Date "2023.12.26"]
[Round "5"]
[White "KejJaj"]
[Black "Cambek64"]
[Result "0-1"]
[WhiteElo "2146"]
[BlackElo "2431"]
[TimeControl "180+1"]
[EndTime "14:52:42 PST"]
[Termination "Cambek64 won by resignation"]

1. d4 Nf6 2. Bf4 d5 3. e3 c5 4.
Nd2 Nc6 5. c3 Qb6 6. Qb3 c4 7.
Qc2 Bg4 8. e4 e6 9. e5 Bf5 10. Qc1 Nd7 11. Ngf3 Be7 12. Be2 O-O 13. O-O Qd8 14. b3 b5 15. b4 a5 16. a3 h6 17. h3 Qc7 18. Nh2 Ra7 19. Re1 Rfa8 20.
Qb2 Nb6 21. Ndf1 Na4 22. Qd2 axb4 23. axb4 Nxc3 24. Qxc3 Bxb4 25. Rxa7 Qxa7 26. Qc1 Bxe1 27. Qxe1 b4 28. Ne3 Bg6 29. Nxc4 dxc4 30. Bxc4 Qxd4 31. Qc1 Ra1 0-1

[Event "Late-Titled-Tuesday-Blitz-December-26-2023"]
[Site "Chess.com"]
[Date "2023.12.26"]
[Round "5"]
[White "GoltsevDmitry2000"]
[Black "ilya2700"]
[Result "1-0"]
[WhiteElo "2687"]
[BlackElo "2367"]
[TimeControl "180+1"]
[EndTime "14:52:54 PST"]
[Termination "GoltsevDmitry2000 won by resignation"]

1. e4 c5 2. Nf3 e6 3. d4 cxd4 4. Nxd4 Nf6 5. Nc3 Nc6 6. Be2 Bb4 7. Qd3 d5 8. exd5 exd5 9. Bd2 O-O 10. O-O Re8 11.
Rfe1 Bc5 12. Nxc6 bxc6 13. Bf3 Be6 14. Re2 Rb8 15. b3 Qd7 16. Na4 Bd6 17. Rae1 Bf5 18. Rxe8+ Rxe8 19. Rxe8+ Qxe8 20. Qxf5 h6 21. g3 Qb8 22.
Bf4 Bxf4 23. Qxf4 Qb5 24. Qe3 Qb4 25. Kg2 a5 26. Qb6 Qa3 27. Qxc6 Qxa2 28. Bxd5 Nxd5 29.
Qxd5 Qxc2 30. Nc5 Qc3 31. Qd8+ Kh7 32. Qd3+ 1-0

[Event "Late-Titled-Tuesday-Blitz-December-26-2023"]
[Site "Chess.com"]
[Date "2023.12.26"]
[Round "5"]
[White "SCIM"]
[Black "Slovafn"]
[Result "1-0"]
[WhiteElo "2512"]
[BlackElo "2326"]
[TimeControl "180+1"]
[EndTime "14:52:57 PST"]
[Termination "SCIM won by resignation"]

1. d4 Nf6 2. Nf3 g6 3. g3 Bg7 4.
Bg2 O-O 5. O-O d5 6. c4 c6 7. b3 a5 8. Nbd2 a4 9. Bb2 Bf5 10. Nh4 Be6 11. Nhf3 Ne4 12. Nxe4 dxe4 13. Ng5 Bf5 14. Nxe4 Nd7 15. e3 axb3 16. axb3 Rxa1 17. Qxa1 Qb6 18. Nd2 Bd3 19. Rc1 c5 20. dxc5 Bxb2 21. cxb6 Bxa1 22. Rxa1 Nxb6 23. Bxb7 Rb8 24. Bf3 Nd7 25.
Ra8 Rxa8 26. Bxa8 e5 27. Be4 Be2 28. f4 exf4 29. exf4 Nc5 30. Kf2 Bd1 31. b4 Na6 32. b5 Nc5 33. b6 f5 34. b7 fxe4 35. b8=Q+ 1-0

[Event "Late-Titled-Tuesday-Blitz-December-26-2023"]
[Site "Chess.com"]
[Date "2023.12.26"]
[Round "5"]
[White "hangemhigh"]
[Black "mariofs"]
[Result "1-0"]
[WhiteElo "2471"]
[BlackElo "2199"]
[TimeControl "180+1"]
[EndTime "14:53:00 PST"]
[Termination "hangemhigh won by resignation"]

1. d4 d5 2. Nc3 e6 3. e4 dxe4 4. Nxe4 Nf6 5. Nxf6+ Qxf6 6. Nf3 h6 7. Bd3 Bd6 8. Qe2 Nd7 9. O-O O-O 10. Qe4 Rd8 11. Re1 c5 12. c3 cxd4 13. cxd4 Kf8 14. Ne5 Nxe5 15. dxe5 Bxe5 16. Bd2 g6 17. Bxh6+ Kg8 18. Rad1 Rd4 19. Qxe5 Qxe5 20. Rxe5 Bd7 21. Be3 Rd6 22. Be2 Rxd1+ 23. Bxd1 Bc6 24. Bg5 a6 25. Bf6 Rd8 26. Bxd8 1-0

[Event "Late-Titled-Tuesday-Blitz-December-26-2023"]
[Site "Chess.com"]
[Date "2023.12.26"]
[Round "5"]
[White "Sanyura"]
[Black "Shankland"]
[Result "0-1"]
[WhiteElo "2615"]
[BlackElo "2938"]
[TimeControl "180+1"]
[EndTime "14:53:03 PST"]
[Termination "Shankland won on time"]

1. e4 c5 2. Nf3 d6 3. d4 cxd4 4. Nxd4 Nf6 5. Nc3 Nc6 6. Bg5 e6 7.
Qd2 a6 8. O-O-O Bd7 9. f3 Nxd4 10. Qxd4 Be7 11. h4 b5 12. a3 Qc7 13. h5 h6 14.
Bh4 Rb8 15. g4 a5 16. g5 hxg5 17. Bxg5 b4 18. axb4 axb4 19. Nb1 e5 20. Qc4 Qxc4 21. Bxc4 Nxh5 22. Rdg1 g6 23. Nd2 Bxg5 24. Rxg5 Ke7 25. Nf1 Nf4 26. Rxh8 Rxh8 27. Rg3 Be6 28. Bb5 Rb8 29. Bd3 b3 30. Ne3 bxc2 31. Kxc2 Nxd3 32. Kxd3 Rxb2 0-1

[Event "Late-Titled-Tuesday-Blitz-December-26-2023"]
[Site "Chess.com"]
[Date "2023.12.26"]
[Round "5"]
[White "Agibileg"]
[Black "Grindaveci"]
[Result "1-0"]
[WhiteElo "2698"]
[BlackElo "2384"]
[TimeControl "180+1"]
[EndTime "14:53:06 PST"]
[Termination "Agibileg won by resignation"]

1. d4 d5 2. c4 e6 3. Nc3 c6 4. Nf3 dxc4 5. g3 Nf6 6. Bg2 Nbd7 7. O-O b5 8. e4 Bb7 9. d5 cxd5 10.
exd5 Nxd5 11. Nxb5 Qb6 12. Nc3 Be7 13. Qa4 Qc6 14.
Qxc6 Bxc6 15. Nd4 Bb7 16. Nxd5 Bxd5 17. Bxd5 exd5 18. Nf5 g6 19. Nxe7 Kxe7 20. Rd1 Nb6 21. Be3 Rhd8 22. a4 Nc8 23. Bc5+ Ke6 24. Rd4 Nd6 25.
Re1+ Kf6 26. Rxd5 Nf5 27. Rxd8 Rxd8 28. g4 Rd5 29. Bxa7 Nh4 30. Rc1 Rd2 31. Be3 Rxb2 32. Bd4+ 1-0

[Event "Late-Titled-Tuesday-Blitz-December-26-2023"]
[Site "Chess.com"]
[Date "2023.12.26"]
[Round "5"]
[White "alertakobra"]
[Black "grandemestregringo"]
[Result "0-1"]
[WhiteElo "2444"]
[BlackElo "2660"]
[TimeControl "180+1"]
[EndTime "14:53:08 PST"]
[Termination "grandemestregringo won by resignation"]

1. e4 e5 2. Nf3 Nc6 3. d4 exd4 4.
Nxd4 Nf6 5. Nxc6 bxc6 6. e5 Qe7 7. Qe2 Nd5 8. h4 g6 9. Bg5 Qe6 10. c4 Nb6 11. Bf6 Bb4+ 12. Nc3 O-O 13. h5 Na4 14. Rc1 Ba6 15. Qe4 Rfe8 16. Bd3 Nc5 17. hxg6 Nxd3+ 18. Kd2 Qxf6 19. gxh7+ Kh8 20. exf6 Rxe4 21. Kxd3 Rxc4 22. Kc2 Rf4 23. f3 Bxc3 24. bxc3 Rxf6 25. Rce1 Bc4 26. Re4 Bd5 27. Rg4 Rg6 0-1

[Event "Late-Titled-Tuesday-Blitz-December-26-2023"]
[Site "Chess.com"]
[Date "2023.12.26"]
[Round "5"]
[White "kasparicy"]
[Black "Ajedrez_con_German"]
[Result "1-0"]
[WhiteElo "2460"]
[BlackElo "2584"]
[TimeControl "180+1"]
[EndTime "14:53:09 PST"]
[Termination "kasparicy won on time"]

1. e4 c5 2. Nf3 a6 3. Nc3 b5 4. d4 cxd4 5. Nxd4 e6 6. Bd3 Qb6 7. Be3 Bc5 8. Nce2 Nc6 9. c3 Nxd4 10.
cxd4 Bb4+ 11. Nc3 d6 12. O-O Ne7 13. Kh1 O-O 14. Qh5 Ng6 15. f4 Bxc3 16. bxc3 f5 17. Rae1 Qc6 18. Bd2 Bb7 19. d5 Qc5 20. dxe6 fxe4 21.
Qxc5 dxc5 22. Bxe4 Bxe4 23. Rxe4 Ne7 24. g4 g6 25. Be3 Rac8 26. Re5 Rfe8 27. f5 gxf5 28.
gxf5 c4 29. f6 Ng6 30. f7+ 1-0

[Event "Late-Titled-Tuesday-Blitz-December-26-2023"]
[Site "Chess.com"]
[Date "2023.12.26"]
[Round "5"]
[White "CuteSheepCloud"]
[Black "a-z30"]
[Result "1-0"]
[WhiteElo "2650"]
[BlackElo "2503"]
[TimeControl "180+1"]
[EndTime "14:53:10 PST"]
[Termination "CuteSheepCloud won by resignation"]

1. e4 d6 2. d4 Nf6 3. f3 g6 4.
Be3 Bg7 5. c4 O-O 6. Nc3 c5 7.
dxc5 dxc5 8. Qxd8 Rxd8 9. Bxc5 Nc6 10. Rd1 Rxd1+ 11. Kxd1 b6 12. Ba3 Nd7 13. Nge2 Nc5 14.
Nd5 Nd3 15. Kc2 Nf2 16. Rg1 e6 17. Nc7 Rb8 18. g4 Be5 19. Rg2 Bxc7 20. Rxf2 Ba6 21. b3 Rc8 22. Nc3 Nd4+ 23. Kd3 Rd8 24. Nd5 exd5 25.
Kxd4 dxc4+ 26. Ke3 b5 27. bxc4 bxc4 28. Bc5 Bb6 29.
Bxb6 axb6 30. Rc2 b5 31. Be2 f6 32. f4 Kf7 33. h4 Ke6 34. g5 f5 35. exf5+ gxf5 36. h5 Kd5 37. Rd2+ 1-0

[Event "Late-Titled-Tuesday-Blitz-December-26-2023"]
[Site "Chess.com"]
[Date "2023.12.26"]
[Round "5"]
[White "Viktor_Poddubnyi"]
[Black "OneTrickPony_82"]
[Result "0-1"]
[WhiteElo "2288"]
[BlackElo "2488"]
[TimeControl "180+1"]
[EndTime "14:53:15 PST"]
[Termination "OneTrickPony_82 won by resignation"]

1. e4 e5 2. f4 d5 3. exd5 exf4 4. Nf3 Nf6 5. c4 c6 6. d4 cxd5 7. Bxf4 Bb4+ 8. Nc3 Nc6 9. Be2 Ne4 10. Qb3 dxc4 11. Bxc4 O-O 12. O-O Bxc3 13. bxc3 Na5 14. Qc2 Nxc4 15. Qxe4 Re8 16. Qd3 Qd5 17. Ne5 Nxe5 18.
Bxe5 Rxe5 19. c4 Qe4 0-1

[Event "Late-Titled-Tuesday-Blitz-December-26-2023"]
[Site "Chess.com"]
[Date "2023.12.26"]
[Round "5"]
[White "MPCandelario"]
[Black "GAusal"]
[Result "1-0"]
[WhiteElo "2650"]
[BlackElo "2309"]
[TimeControl "180+1"]
[EndTime "14:53:22 PST"]
[Termination "MPCandelario won by resignation"]

1. e4 c5 2. Nf3 e6 3. d4 cxd4 4. Nxd4 a6 5. Bd3 Nf6 6. O-O Nc6 7. Nxc6 bxc6 8. e5 Nd5 9. c4 Ne7 10. Nc3 Ng6 11. Qe2 d5 12. exd6 Bxd6 13. Rd1 Qc7 14. g3 O-O 15. Ne4 Be5 16. Ng5 c5 17. Qh5 h6 18.
Nf3 Bb7 19. Bxg6 Bxf3 20. Qxf3 fxg6 21. Qe4 Rf6 22. Rb1 Bd4 23. Be3 Raf8 24. Rd2 e5 25. b3 Rf5 26. Re2 Qf7 27. Rbe1 Rxf2 28. Rxf2 Bxe3 29.
Qxe3 1-0

[Event "Late-Titled-Tuesday-Blitz-December-26-2023"]
[Site "Chess.com"]
[Date "2023.12.26"]
[Round "5"]
[White "Balla_Tamas"]
[Black "shaya01"]
[Result "1-0"]
[WhiteElo "2432"]
[BlackElo "2220"]
[TimeControl "180+1"]
[EndTime "14:53:22 PST"]
[Termination "Balla_Tamas won by checkmate"]

1. e4 c6 2. d4 d5 3. e5 Bf5 4.
h4 e6 5. Bd3 Bxd3 6. Qxd3 Ne7 7. Nf3 Nd7 8. c4 c5 9. Nc3 dxc4 10. Qxc4 Rc8 11. d5 Nxd5 12. Nxd5 exd5 13. Qxd5 Qc7 14. e6 fxe6 15. Qxe6+ Be7 16. Bg5 Qd6 17. Qxd6 Bxd6 18.
O-O-O Rc6 19. Rhe1+ Kf7 20. Be7 Bf4+ 21. Kb1 Nb6 22. g3 Bc7 23. Ng5+ Kg6 24. g4 h6 25. h5# 1-0

[Event "Late-Titled-Tuesday-Blitz-December-26-2023"]
[Site "Chess.com"]
[Date "2023.12.26"]
[Round "5"]
[White "HanSchut"]
[Black "protectiago"]
[Result "1-0"]
[WhiteElo "2251"]
[BlackElo "2053"]
[TimeControl "180+1"]
[EndTime "14:53:22 PST"]
[Termination "HanSchut won on time"]

1. e4 e5 2. Nf3 Nc6 3. Bc4 Bc5 4. c3 Nf6 5. d4 exd4 6. b4 Bb6 7.
e5 Qe7 8. O-O Ng4 9. Bg5 Qf8 10.
h3 Ngxe5 11. Nxe5 Nxe5 12. Re1 f6 13. cxd4 Qxb4 14. dxe5 fxg5 15. Nd2 Rf8 16. Rf1 Ba5 17. Qh5+ g6 18. Qxh7 Qe7 19. Qxg6+ Kd8 20. Nf3 Bb6 21.
Rad1 Qe8 22. Qxg5+ Qe7 23. Qh6 Qe8 24. Ng5 1-0

[Event "Late-Titled-Tuesday-Blitz-December-26-2023"]
[Site "Chess.com"]
[Date "2023.12.26"]
[Round "5"]
[White "ahkashefi2800"]
[Black "DuleMudule"]
[Result "0-1"]
[WhiteElo "2614"]
[BlackElo "2916"]
[TimeControl "180+1"]
[EndTime "14:53:26 PST"]
[Termination "DuleMudule won on time"]

1. d4 d5 2. c4 Bf5 3. cxd5 Bxb1 4. Rxb1 Qxd5 5. Qa4+ Nc6 6. e3 e5 7. Nf3 Bb4+ 8. Bd2 Bxd2+ 9. Nxd2 exd4 10. Bc4 Qxg2 11. Rf1 dxe3 12. fxe3 O-O-O 13. Rd1 Nf6 14. Rf2 Qh3 15. Nf1 Ng4 16. Rfd2 Rxd2 17. Rxd2 Nxe3 18. Be2 Re8 19. Kf2 f5 20. Qf4 Qg2+ 21. Ke1 Nxf1 22.
Qxf5+ Kb8 23. Qxf1 Qxh2 24. Kd1 Qe5 25. Kc1 a6 26. Rc2 Nd4 0-1

[Event "Late-Titled-Tuesday-Blitz-December-26-2023"]
[Site "Chess.com"]
[Date "2023.12.26"]
[Round "5"]
[White "Hoshka"]
[Black "Zampronha1971"]
[Result "0-1"]
[WhiteElo "2062"]
[BlackElo "2336"]
[TimeControl "180+1"]
[EndTime "14:53:26 PST"]
[Termination "Zampronha1971 won by resignation"]

1. d4 Nf6 2. c4 c5 3. d5 e6 4. Nc3 exd5 5. cxd5 d6 6. Nf3 g6 7.
g3 Bg7 8. Bg2 O-O 9. O-O Re8 10.
Bf4 a6 11. a4 Qc7 12. Re1 Nbd7 13. Nd2 Ne5 14. Qc2 c4 15. h3 Bf5 16. e4 Bd7 17. Bf1 b5 18. axb5 axb5 19. Rxa8 Rxa8 20. Bxe5 dxe5 21.
Nf3 Ne8 22. Qd2 Nd6 23. h4 b4 24. Nd1 Qc5 25. h5 Rc8 26. hxg6 hxg6 27. Qg5 c3 28. bxc3 bxc3 29. Qe7 Be8 30. Nxc3 Rc7 31. Qd8 Rd7 32.
Qxd7 Bxd7 33. Re3 f6 0-1

[Event "Late-Titled-Tuesday-Blitz-December-26-2023"]
[Site "Chess.com"]
[Date "2023.12.26"]
[Round "5"]
[White "Rafael_Ventura"]
[Black "rrgchessmaster05"]
[Result "1-0"]
[WhiteElo "2385"]
[BlackElo "2505"]
[TimeControl "180+1"]
[EndTime "14:53:34 PST"]
[Termination "Rafael_Ventura won by checkmate"]

1. e4 e5 2. c4 Nc6 3. Nf3 Nf6 4. Nc3 Bb4 5. Bd3 O-O 6. O-O Bxc3 7. dxc3 h6 8. c5 d5 9. cxd6 Qxd6 10. Qe2 Ne7 11. h3 Ng6 12. Be3 Qe7 13. b4 Nh5 14. Bc5 Nhf4 15.
Qe3 Qf6 16. Bxf8 Kxf8 17. Kh2 Be6 18. Bc2 b6 19. Bb3 Bd7 20. Rad1 Ke7 21. Rd2 Bc6 22. c4 Rd8 23. Rfd1 Rxd2 24. Qxd2 Ke8 25. b5 Bxe4 26. Qd7+ Kf8 27. Qc8+ Ke7 28. Qd8+ Ke6 29. c5+ Kf5 30.
g4# 1-0

[Event "Late-Titled-Tuesday-Blitz-December-26-2023"]
[Site "Chess.com"]
[Date "2023.12.26"]
[Round "5"]
[White "staz_staz"]
[Black "ElenGajger"]
[Result "0-1"]
[WhiteElo "2252"]
[BlackElo "2443"]
[TimeControl "180+1"]
[EndTime "14:53:39 PST"]
[Termination "ElenGajger won on time"]

1. d4 Nf6 2. Nf3 g6 3. c4 Bg7 4. Nc3 d5 5. cxd5 Nxd5 6. e4 Nxc3 7. bxc3 c5 8. h3 O-O 9. Be2 Qa5 10. Bd2 Nc6 11.
O-O Rd8 12. d5 Ne5 13. Nxe5 Bxe5 14. c4 Qa3 15. Rc1 Qxa2 16. f4 Bd4+ 17. Kh1 Qa3 18. Rf3 Qa6 19. f5 Qd6 20. Qe1 a5 21. Qh4 Bf6 22. Qh6 Bg7 23. Qh4 a4 24. Rcf1 Rf8 25.
Bg5 f6 26. fxg6 hxg6 27. Bh6 a3 28. Rg3 g5 29. Bxg5 fxg5 30. Rxf8+ Kxf8 31. Rxg5 a2 32. Qh7 a1=Q+ 0-1

[Event "Late-Titled-Tuesday-Blitz-December-26-2023"]
[Site "Chess.com"]
[Date "2023.12.26"]
[Round "5"]
[White "McCarthyStone"]
[Black "2346PL"]
[Result "0-1"]
[WhiteElo "2404"]
[BlackElo "2552"]
[TimeControl "180+1"]
[EndTime "14:53:47 PST"]
[Termination "2346PL won by resignation"]

1. e4 c5 2. Nc3 a6 3. a4 e6 4. Nge2 d5 5. exd5 exd5 6. d4 Nf6 7. g3 Nc6 8. Bg2 h6 9. O-O c4 10. Nf4 Be7 11. Nfxd5 Nxd5 12. Nxd5 O-O 13. Nxe7+ Qxe7 14. c3 Bf5 15. Re1 Qf6 16. Bf4 Bd3 17. d5 Na5 18. Be5 Qg5 19. h4 Qf5 20. Qf3 Qxf3 21. Bxf3 Nb3 22.
Ra3 Rfe8 23. Re3 Rad8 24. d6 f6 25. Bf4 Rxe3 26. fxe3 g5 27. hxg5 hxg5 28. Bxg5 fxg5 29. Bxb7 Rxd6 30. Kf2 Rf6+ 31. Kg2 Bf1+ 32. Kg1 a5 33. e4 Bd3 34. e5 Rf1+ 35. Kg2 Kg7 36. Be4 Rb1 37.
Bxd3 Rxb2+ 38. Kf3 cxd3 39. Ke3 d2 40. Ke2 Kf7 41. c4 Ke6 42. c5 Kxe5 43. c6 Kd6 44. c7 Kxc7 45. Kd1 Rb1+ 0-1

[Event "Late-Titled-Tuesday-Blitz-December-26-2023"]
[Site "Chess.com"]
[Date "2023.12.26"]
[Round "5"]
[White "Jesusesmifuerza"]
[Black "MalcolmPein"]
[Result "1/2-1/2"]
[WhiteElo "2199"]
[BlackElo "2349"]
[TimeControl "180+1"]
[EndTime "14:53:50 PST"]
[Termination "Game drawn by agreement"]

1. e4 c5 2. Nf3 e6 3. d4 cxd4 4. Nxd4 a6 5. Nc3 Qc7 6. a3 Nf6 7. Be3 Nc6 8. Be2 b5 9. O-O Bb7 10. Qd2 Rc8 11. f4 Nxd4 12. Qxd4 Bc5 13. Qxc5 Qxc5 14. Bxc5 Rxc5 15. e5 Ne4 16. Nxe4 Bxe4 17. c3 g5 18. a4 Ke7 19. axb5 axb5 20. Rad1 gxf4 21. Rxf4 Rxe5 22. Bxb5 Rxb5 23. Rxe4 Rxb2 24. Red4 Rd8 25. c4 Rc2 26. h3 f5 27. g4 fxg4 28.
Rxg4 Rf8 29. Rg7+ Rf7 30. Rxf7+ Kxf7 31. Rxd7+ Kg6 32. Re7 Rxc4 33. Rxe6+ 1/2-1/2

[Event "Late-Titled-Tuesday-Blitz-December-26-2023"]
[Site "Chess.com"]
[Date "2023.12.26"]
[Round "5"]
[White "Veleamater"]
[Black "Championnn-9"]
[Result "0-1"]
[WhiteElo "2357"]
[BlackElo "2516"]
[TimeControl "180+1"]
[EndTime "14:53:51 PST"]
[Termination "Championnn-9 won by resignation"]

1. g3 Nf6 2. Bg2 d5 3. d3 Nc6 4. Nf3 e5 5. O-O Be7 6. h3 O-O 7. Nc3 h6 8. e4 Be6 9. Nd2 dxe4 10. dxe4 Nd4 11. Nb3 c5 12. Be3 Qd7 13. Kh2 Rfd8 14.
f4 Bg4 15. Qc1 exf4 16. gxf4 Ne2 17. Nxe2 Bxe2 18. Rg1 Nh5 19. Bxc5 Bh4 20. f5 Bg3+ 21. Kh1 Bf4 22. Qe1 Ng3+ 23. Kh2 Nxe4+ 24. Kh1 Ng3+ 25.
Kh2 Nxf5+ 26. Kh1 Ng3+ 27. Kh2 Nf1+ 28. Kh1 Bf3 29. Qh4 g5 30. Bxf3 Kh7 31. Qg4 f5 32. Qg2 Ng3+ 33. Kh2 Nf1+ 34. Kh1 Ng3+ 35. Kh2 g4 36.
hxg4 fxg4 37. Be4+ Nxe4+ 38. Kh1 Ng3+ 39. Kh2 Qf5 40.
Bd4 Qh5+ 0-1

[Event "Late-Titled-Tuesday-Blitz-December-26-2023"]
[Site "Chess.com"]
[Date "2023.12.26"]
[Round "5"]
[White "Bryanl106"]
[Black "nickmatta"]
[Result "0-1"]
[WhiteElo "2558"]
[BlackElo "2469"]
[TimeControl "180+1"]
[EndTime "14:53:54 PST"]
[Termination "nickmatta won by checkmate"]

1. e4 c5 2. Nf3 Nf6 3. Nc3 d5 4. exd5 Nxd5 5. Bb5+ Bd7 6. Qe2 Nxc3 7. dxc3 e6 8. Bf4 Bxb5 9. Qxb5+ Qd7 10. Qe2 Be7 11. Ne5 Qa4 12. Qf3 O-O 13. O-O Nc6 14. Nxc6 Qxc6 15.
Qxc6 bxc6 16. Rad1 Rfd8 17. Bc7 Rd5 18. c4 Rd4 19. b3 Bf6 20. Bd6 Rd8 21. Rxd4 cxd4 22. Bc5 a6 23. Rd1 e5 24. f3 Bg5 25. Kf1 Be3 26. Ke2 f5 27. c3 f4 28. Bb6 d3+ 29.
Rxd3 Rxd3 30. Kxd3 Bxb6 31. Ke4 Bc7 32. b4 Kf7 33. a4 Ke6 34. b5 cxb5 35. cxb5 axb5 36.
axb5 Bb6 37. c4 g5 38. g4 fxg3 39. hxg3 h5 40. f4 exf4 41. gxf4 g4 42. f5+ Kf6 43.
Kf4 Bc5 44. Ke4 h4 45. Kf4 h3 46. Kg3 Kxf5 47. Kh2 Kf4 48. Kh1 Kf3 49. Kh2 Kf2 50.
b6 Bd6+ 51. Kh1 g3 52. b7 g2# 0-1

[Event "Late-Titled-Tuesday-Blitz-December-26-2023"]
[Site "Chess.com"]
[Date "2023.12.26"]
[Round "5"]
[White "cthulhuuu"]
[Black "IgorBjelobrk"]
[Result "0-1"]
[WhiteElo "2453"]
[BlackElo "2667"]
[TimeControl "180+1"]
[EndTime "14:54:00 PST"]
[Termination "IgorBjelobrk won by resignation"]

1. e4 e6 2. d3 c5 3. Nf3 d6 4. g3 b6 5. Bg2 Bb7 6. O-O Nf6 7. Re1 Be7 8. c3 O-O 9. Nbd2 Nc6 10. d4 cxd4 11. cxd4 Nb4 12. Bf1 Rc8 13. e5 dxe5 14. dxe5 Ng4 15. Qa4 Bc6 16. Qb3 Bd5 17. Nc4 b5 18.
Rd1 bxc4 19. Bxc4 Bxc4 20. Rxd8 Bxb3 21. Rxf8+ Bxf8 22. axb3 Nxf2 23. Be3 Ng4 24. Bd4 Nc2 25. Rc1 Nxd4 26. Rxc8 Nxf3+ 27. Kg2 Nfxe5 28. Ra8 Nc6 29. Rc8 Nge5 30. Kf2 g6 31. b4 Nxb4 32. Ke3 Kg7 33.
Ke4 Nec6 34. Rc7 Bc5 35. h4 h5 0-1

[Event "Late-Titled-Tuesday-Blitz-December-26-2023"]
[Site "Chess.com"]
[Date "2023.12.26"]
[Round "5"]
[White "tripledes"]
[Black "giomar27"]
[Result "1-0"]
[WhiteElo "2227"]
[BlackElo "2389"]
[TimeControl "180+1"]
[EndTime "14:54:00 PST"]
[Termination "tripledes won by resignation"]

1. e4 e5 2. Nf3 Nc6 3. Bb5 a6 4. Bxc6 dxc6 5. O-O Qf6 6. d4 exd4 7. Bg5 Qd6 8. Qxd4 Qxd4 9. Nxd4 f6 10. Bf4 Bc5 11. Nb3 Bb6 12. c4 c5 13. Be3 Be6 14. Na3 O-O-O 15.
Rad1 Ne7 16. Bxc5 Bxc5 17. Nxc5 Bf7 18. b3 Nc6 19. Nc2 Rhe8 20. f3 b5 21. cxb5 axb5 22. Kf2 Ne5 23. Ne3 c6 24. Rxd8+ Rxd8 25. Rd1 Rxd1 26. Nxd1 Kc7 27. Ke3 Kb6 28. Nd3 Nd7 29.
f4 c5 30. N3b2 c4 31. bxc4 bxc4 32. Kd4 Kb5 33. Nc3+ Kb4 34. Nd5+ Bxd5 35. exd5 Nc5 36. Nxc4 Nd7 37. d6 Kb5 38. Kd5 f5 39. Ne5 Nf6+ 40. Ke6 g6 41. Kxf6 1-0